 Dungeon Crawl Stone Soup version 0.30.1-1-g62c8e00024 (webtiles) character file.

Game seed: 18266861569119257391

47 Babbit the Trooper (level 3, -5/34 HPs)
             Began as a Minotaur Fighter on July 16, 2023.
             Slain by Crazy Yiuf
             ... wielding a +3 quarterstaff of chaos
              (8 damage)
             ... on level 2 of the Dungeon.
             The game lasted 00:10:38 (1517 turns).

Babbit the Trooper (Minotaur Fighter)               Turns: 1517, Time: 00:10:39

Health: -5/34      AC: 14    Str: 28    XL:     3   Next: 48%
Magic:  2/2        EV: 13    Int:  8    God:
Gold:   71         SH:  5    Dex:  9    Spells: 2/2 levels left

rFire   . . .        a - +0 war axe
rCold   . . .        c - +1 buckler
rNeg    . . .        m - +5 chain mail of the Valley of Death {Harm Int+3}
rPois   .            (helmet restricted)
rElec   .            (no cloak)
rCorr   .            (no gloves)
SInv    .            (no boots)
Will    .....        (no amulet) Stlth
                     g - +6 ring of strength
HPRegen 0.25/turn    l - ring "Niypokhlin" {EV+5 Slay+3 Stlth+}
MPRegen 0.08/turn

%: harm (+30% outgoing, +20% incoming)
@: no status effects
A: horns 2, retaliatory headbutt
a: no special abilities


You were on level 2 of the Dungeon.
You visited 1 branch of the dungeon, and saw 2 of its levels.

You collected 71 gold pieces.

Inventory:

Hand Weapons
 a - a +0 war axe (weapon)
Missiles
 i - 6 javelins (quivered)
Armour
 b - a +0 scale mail
 c - a +1 buckler (worn)
 m - the +5 chain mail of the Valley of Death (worn) {Harm Int+3}
   (You found it on level 2 of the Dungeon)

   Int:       It affects your intelligence (+3).
   Harm:      It increases damage dealt and taken.
Jewellery
 g - a +6 ring of strength (left hand)
 l - the ring "Niypokhlin" (right hand) {EV+5 Slay+3 Stlth+}
   (You found it on level 2 of the Dungeon)

   [ring of evasion]

   EV:        It affects your evasion (+5).
   Slay:      It affects your accuracy & damage with ranged weapons and melee
   (+3).
   Stlth:     It makes you more stealthy.
Scrolls
 j - a scroll of enchant armour
 k - a scroll of identify
 o - a scroll of amnesia {unknown}
 q - a scroll of teleportation {unknown}
 r - a scroll of brand weapon {unknown}
Potions
 d - a potion of might
 e - a potion of ambrosia
 f - a potion of haste {unknown}
 n - a potion of heal wounds {unknown}
 p - a potion of attraction {unknown}


   Skills:
 + Level 4.3 Fighting
 + Level 2.9 Axes
 + Level 4.2 Armour
 + Level 0.1 Dodging
 + Level 4.0 Shields


You had 2 spell levels left.
You didn't know any spells.
Your spell library contained the following spells:

 Spells                   Type           Power      Damage    Failure   Level
 Sandblast                Erth           0%         2d4       92%         1
 Sting                    Tmut/Pois      0%         1d3       92%         1
 Ensorcelled Hibernation  Hex/Ice        0%         N/A       98%         2
 Passwall                 Tmut/Erth      0%         N/A       98%         2
 Poisonous Vapours        Pois/Air       0%         N/A       98%         2
 Stone Arrow              Conj/Erth      0%         3d7       100%        3
 Swiftness                Air            0%         N/A       100%        3
 Olgreb's Toxic Radiance  Pois           0%         N/A       100%        4


Dungeon Overview and Level Annotations

Branches:
Dungeon (2/15)

Altars:

Annotations:
D:2 Crazy Yiuf


Innate Abilities, Weirdness & Mutations

You have a pair of horns on your head.
You reflexively headbutt those who attack you in melee.


Message History

You pick up a Young Poisoner's Handbook and begin reading...
You add the spells Sting, Poisonous Vapours and Olgreb's Toxic Radiance to your library.
Okay, then.
A hobgoblin is nearby!
The hobgoblin shouts!
You block the hobgoblin's attack.
You completely miss the hobgoblin. The hobgoblin closely misses you.
You barely miss the hobgoblin. The hobgoblin misses you.
The hobgoblin hits you but does no damage.
You barely miss the hobgoblin. The hobgoblin hits you.
You slash the hobgoblin!
You kill the hobgoblin!
No target in view!
r - a scroll labelled EXALAI WEOR You now have 71 gold pieces (gained 10).
You see here a hobgoblin corpse.
As you read the scroll labelled KYNIC WABI VINN, it crumbles to dust.
It is a scroll of enchant armour.
Your +0 buckler glows green for a moment.
Found a stone staircase leading up.
Found a stone staircase leading down.
Found a hammer.
Found a runed translucent door.
Crazy Yiuf shouts!
You open the door.
Crazy Yiuf drinks a potion.
Crazy Yiuf goes berserk!
You block Crazy Yiuf's attack.
There is an open translucent door here.
You barely miss Crazy Yiuf.
Crazy Yiuf hits you with a +3 quarterstaff of chaos!
You are lethally poisoned!
Crazy Yiuf closely misses you.
You hit Crazy Yiuf. You headbutt Crazy Yiuf.
Crazy Yiuf is moderately wounded.
* * * LOW HITPOINT WARNING * * *
You feel extremely sick. Crazy Yiuf barely misses you.
You block Crazy Yiuf's attack.
You feel better.
Crazy Yiuf hits you with a +3 quarterstaff of chaos!
* * * LOW HITPOINT WARNING * * *
Crazy Yiuf freezes you!
You die...

# ### #...# ########
#.#.###....#.###
####
..>##...P..#..##...#
#.#......####.@g..#
###......P## ###..)#
....####### ####
.#### .# .# .# .# ##


You could see Crazy Yiuf (berserk).

Vanquished Creatures
  2 adders (D:2)
  A dart slug (D:2)
  5 bats
  2 endoplasms
  A giant cockroach (D:2)
  4 goblins
  3 hobgoblins
  A kobold (D:1)
  A quokka (D:2)
  2 ball pythons
  2 frilled lizards (D:1)
  2 rats
26 creatures vanquished.

Notes
Turn   | Place    | Note
-------+----------+-------------------------------------------
     0 | D:1      | Babbit the Minotaur Fighter began the quest for the Orb.
     0 | D:1      | Reached XP level 1. HP: 19/19 MP: 0/0
   278 | D:1      | Reached XP level 2. HP: 27/27 MP: 1/1
   980 | D:2      | Identified the ring "Niypokhlin" {EV+5 Slay+3 Stlth+}
   989 | D:2      | Identified the +5 chain mail of the Valley of Death {Harm
                  | Int+3}
  1166 | D:2      | Reached XP level 3. HP: 33/33 MP: 2/2
  1509 | D:2      | Found a runed translucent door.
  1510 | D:2      | Noticed Crazy Yiuf
  1517 | D:2      | Slain by Crazy Yiuf

Illustrated notes

Levels and vault maps discovered:
D:1:      shiori_shiawase, layout_basic, serial_aquarium, aquarium_bridge_square
          [aquarium_subvault_bridge, aquarium_subvault_wall,
          aquarium_subvault_bridge, aquarium_subvault_window],
          aquarium_window_1, aquarium_window_corridor_3, aquarium_view_2f,
          aquarium_view_2a, aquarium_balcony_3a, aquarium_pool_four,
          bh_walls_and_bars
D:2:      layout_basic, serial_shops, shop, uniq_crazy_yiuf_cottage

Skill      XL: |  1  2  3 |
---------------+----------+-----
Fighting       | 4 |  4.3
Armour         | 4 |  4.2
Shields        | 4 |  4.0
Axes           | |  2.9
Dodging        | |  0.1

Action                     || total
---------------------------++-------
  Melee: War axe           ||    55
         Headbutt          ||     8
    Use: Scroll            ||     3
         Potion            ||     1
 Armour: Scale mail        ||    20
         Chain mail        ||     8
  Dodge: Dodged            ||    29
  Block: Buckler           ||    15
